 Dungeon Crawl Stone Soup version 0.28.0-53-g5a82cb258f (webtiles) character file.

Game seed: 10798859541394296978

35490 jjjjhere the Severer (level 13, -21/122 HPs)
             Began as a Minotaur Artificer on Sept 3, 2022.
             Was a High Priest of Okawaru.
             Demolished by an orc warlord
             ... wielding a +0 great sword
              (43 damage)
             ... on level 2 of the Orcish Mines on Sept 4, 2022.
             The game lasted 00:27:07 (21465 turns).

jjjjhere the Severer (Minotaur Artificer)          Turns: 21465, Time: 00:27:08

Health: -21/122    AC: 26    Str: 23    XL:     13   Next: 47%
Magic:  17/17      EV: 10    Int: 12    God:    Okawaru [*****.]
Gold:   785        SH:  0    Dex: 12    Spells: 12/12 levels left

rFire   . . .      SeeInvis .   C - +1 battleaxe (vorpal)
rCold   + . .      Faith    .   (shield currently unavailable)
rNeg    . . .      Spirit   .   D - +9 chain mail of Zemam {Rampage Drain Int+4 Dex+2}
rPois   .          Reflect  .   (helmet restricted)
rElec   .          Harm     .   Q - +0 cloak {Stlth+}
rCorr   .          Rampage  +   F - +0 pair of gloves
Will    +....                   x - +1 pair of boots
Stlth   ..........              g - amulet of the acrobat
HPRegen 0.30/turn               o - ring of willpower
MPRegen 0.15/turn               y - ring of protection from cold

@: invisible
A: horns 2, retaliatory headbutt
a: Renounce Religion, Heroism, Finesse, Duel


You were on level 2 of the Orcish Mines.
You worshipped Okawaru.
Okawaru was extremely pleased with you.
You visited 4 branches of the dungeon, and saw 18 of its levels.
You also visited: Bailey.

You collected 1397 gold pieces.
You spent 612 gold pieces at shops.

Inventory:

Hand Weapons
 m - a +2 whip of electrocution
 C - a +1 vorpal battleaxe (weapon)
 K - a +3 battleaxe
 O - a +0 broad axe
Missiles
 I - 22 boomerangs
 J - a throwing net
 M - 19 poisoned darts
Armour
 x - a +1 pair of boots (worn)
 D - the +9 chain mail of Zemam (worn) {Rampage Drain Int+4 Dex+2}
   (You found it on level 6 of the Dungeon)

   Int:       It affects your intelligence (+4).
   Dex:       It affects your dexterity (+2).
   Drain:     It drains your maximum health when unequipped.
   Rampage:   It bestows one free step when moving towards enemies.
 F - a +0 pair of gloves (worn)
 Q - a +0 cloak of stealth (worn)
Jewellery
 f - an amulet of guardian spirit
 g - an amulet of the acrobat (around neck)
 j - a ring of magical power
 o - a ring of willpower (left hand)
 s - a ring of resist corrosion
 y - a ring of protection from cold (right hand)
 A - a +6 ring of intelligence
 L - a ring of positive energy
Wands
 c - a wand of flame (44) (quivered)
 d - a wand of charming (15)
 q - a wand of digging (4)
 v - a wand of iceblast (8)
 B - a wand of polymorph (7)
 N - a wand of mindburst (8)
Scrolls
 a - a scroll of fog
 i - 4 scrolls of teleportation
 k - 2 scrolls of enchant armour
 r - a scroll of magic mapping
Potions
 b - a potion of cancellation {unknown}
 h - 8 potions of curing
 l - 5 potions of mutation
 n - 2 potions of lignification
 p - 4 potions of brilliance
 t - a potion of ambrosia {unknown}
 w - 5 potions of heal wounds
 z - 2 potions of berserk rage
 G - 2 potions of flight
 H - 3 potions of might
Miscellaneous
 e - a piece from Xom's chessboard (12/15)
 u - a phial of floods


   Skills:
 + Level 13.4 Fighting
 - Level 18.0 Axes
 - Level 11.6 Armour
 + Level 5.4 Dodging
 - Level 0.7 Stealth
 - Level 7.6 Invocations
 + Level 4.6 Evocations


You had 12 spell levels left.
You didn't know any spells.
Your spell library contained the following spells:

 Spells                   Type           Power      Damage    Failure   Level
 Shock                    Conj/Air       0%         1d3       86%         1
 Corpse Rot               Necr/Air       0%         N/A       95%         2
 Ensorcelled Hibernation  Hex/Ice        0%         N/A       95%         2
 Poisonous Vapours        Pois/Air       0%         N/A       95%         2
 Dazzling Flash           Conj/Hex       0%         N/A       99%         3
 Spider Form              Tmut/Pois      0%         N/A       99%         3
 Swiftness                Air            0%         N/A       99%         3
 Airstrike                Air            0%         N/A       100%        4
 Anguish                  Hex/Necr       0%         N/A       100%        4
 Cause Fear               Hex            0%         N/A       100%        4
 Blade Hands              Tmut           0%         N/A       100%        5
 Freezing Cloud           Conj/Ice/Air   0%         6-21      100%        5
 Iron Shot                Conj/Erth      0%         9d1       100%        6
 Discord                  Hex            0%         N/A       100%        8
 Polar Vortex             Ice            0%         N/A       100%        9
 Animate Armour           Summ/Erth      Unusable   N/A       N/A         4
 Simulacrum               Ice/Necr       Unusable   N/A       N/A         6

Dungeon Overview and Level Annotations

Branches:
Dungeon (11/15)            Temple (1/1) D:4            Lair (4/6) D:11
  Swamp (0/4) Lair:2       Spider (0/4) Lair:2          Orc (2/2) D:10
    Elf (0/3) Orc:2        Bailey (visited)

Altars:
Ashenzari
Cheibriados
Dithmenos
Elyvilon
Fedhas
Gozag
Hepliaklqana
Kikubaaqudgha
Makhleb
Nemelex Xobeh
Okawaru
Qazlal
Ru
Sif Muna
Trog
Uskayaw
Vehumet
Wu Jian
Xom
Yredelemnul
Zin
The Shining One

Shops:
D:1 :   D:5 [   D:6 :   D:11 *   Orc:2 [***=

Annotations:
D:11 3 runed translucent doors, Dillybarz's ghost, journeyman MiBe
Lair:4 Rupert


Innate Abilities, Weirdness & Mutations

You have a pair of horns on your head.
You reflexively headbutt those who attack you in melee.


Message History

The boomerang hits you but does no damage.
The orc warlord roars a battlecry!
The orcs go into a battle-frenzy!
The orc priest mumbles some strange prayers to Beogh against you.
Beogh smites you!
An ogre comes into view. It is wielding a +0 giant spiked club.
The orc knight roars a battlecry!
The orc warlord goes into a battle-frenzy!
The orc warrior closely misses you. You furiously retaliate!
You headbutt the orc warrior.
There is a stone staircase leading down, spattered with blood here.
Unknown command.
The ogre shouts!
You hear a shout! x2
The orc hits you but does no damage. The ogre barely misses you.
The orc warrior hits you with a +0 dire flail!!
The warg bites you but does no damage.
The orc warlord hits you with a +0 great sword!
The orc knight hits you with a +2 great mace!
* * * LOW HITPOINT WARNING * * *
The orc sorcerer casts a spell.
The orc warrior hits you with a +0 battleaxe!
* * * LOW HITPOINT WARNING * * *
You climb downwards.
There is a stone staircase leading up here.
Unknown command.
Okay, then.
You fade into invisibility!
The orc closely misses you. You furiously retaliate!
You headbutt the orc. The orc warrior barely misses you.
The orc warlord hits you with a +0 great sword!
* * * LOW HITPOINT WARNING * * *
The orc knight hits you but does no damage.
The orc warrior completely misses you. You furiously retaliate!
You headbutt the orc warrior.
You feel much better. The orc hits you with a +0 whip.
* * * LOW HITPOINT WARNING * * *
The orc warrior closely misses you. You furiously retaliate!
You headbutt the orc warrior.
The orc warlord hits you with a +0 great sword!!!
You die...

#############
##.##....#...####
#...............##
#................####
..................#.##
.....>)..............#
.....)<[......#.h...##
.....[[[.)....#ooo###
.......(.(.[...o@## ###
....#...([[[(..Oo####.##
............(....##....#
......#....().........##
.......................##
........................##
.##...###...##..##..##...#
....≈≈# #≈≈..........##..#
...≈≈≈# #≈≈≈..........#..#


You could see an orc warlord (strong), an orc knight (strong), a warg, 2 orc
warriors, an ogre and an orc (strong).

Vanquished Creatures
  Erolcha (D:9)
  3 hydras (Lair:2)
  A boulder beetle (D:11)
  3 centaur warriors
  A catoblepas (Lair:2)
  3 death yaks (Lair:1)
  3 orc knights (Orc:2)
  Pikel (D:8)
  An orc sorcerer (Orc:2)
  2 cyclopes
  A torpor snail (Lair:2)
  3 black mambas
  10 cane toads
  3 gargoyles (D:11)
  A komodo dragon (D:11)
  A kobold demonologist (D:9)
  A polar bear (Lair:3)
  2 trolls
  14 blink frogs
  4 dream sheep (Lair:4)
  Sigmund (D:3)
  4 wyverns
  21 yaks
  Grum (D:9)
  Eustachio (D:5)
  2 basilisks (Lair:1)
  A steam dragon (D:8)
  3 wargs
  7 water moccasins
  An acid dragon (D:9)
  An ice beast (D:6)
  A black bear (D:8)
  38 orc warriors
  13 ogres
  11 wolves
  12 centaurs
  A lemure (D:9)
  Blork the orc (D:6)
  4 kobold brigands
  5 bullfrogs
  2 wyvern zombies
  A scorpion (D:6)
  9 killer bees
  13 wights
  An electric eel (Bailey)
  2 howler monkeys (D:8)
  4 centaur zombies
  10 orc priests
  4 hounds
  3 bullfrog skeletons
  4 iguanas
  A centaur skeleton (D:6)
  27 orc wizards
  A killer bee zombie (D:8)
  A hound zombie (D:5)
  6 adders
  6 gnolls
  A howler monkey skeleton (D:6)
  An adder zombie (D:5)
  A worm (D:5)
  A dart slug (D:3)
  94 orcs
  7 ball pythons
  6 endoplasms
  A giant cockroach (D:2)
  10 goblins
  11 hobgoblins
  9 jackals
  4 quokkas
  2 bats
  27 kobolds
  8 rats
466 creatures vanquished.

Vanquished Creatures (others)
  An orc (Orc:2)
  14 fungi
  18 plants
33 creatures vanquished.

Grand Total: 499 creatures vanquished

Notes
Turn   | Place    | Note
-------+----------+-------------------------------------------
     0 | D:1      | jjjjhere the Minotaur Artificer began the quest for the
                  | Orb.
     0 | D:1      | Reached XP level 1. HP: 16/16 MP: 0/0
   354 | D:1      | Found Nozig's Book Boutique.
   385 | D:1      | Reached skill level 1 in Axes
   385 | D:1      | Reached XP level 2. HP: 24/24 MP: 1/1
   789 | D:1      | Reached skill level 2 in Axes
  1198 | D:2      | Reached XP level 3. HP: 29/29 MP: 2/2
  1294 | D:2      | Reached skill level 3 in Axes
  1801 | D:2      | Found a blossoming altar of Fedhas.
  2158 | D:3      | Reached skill level 4 in Axes
  2160 | D:3      | Reached XP level 4. HP: 31/36 MP: 3/3
  2362 | D:3      | Noticed Sigmund
  2370 | D:3      | Killed Sigmund
  2371 | D:3      | Reached skill level 6 in Axes
  2371 | D:3      | Reached XP level 5. HP: 23/41 MP: 4/4
  2545 | D:3      | Found a radiant altar of Vehumet.
  2612 | D:3      | Found a hide-covered altar of Uskayaw.
  2613 | D:3      | Found a sacrificial altar of Ru.
  2613 | D:3      | Found a white marble altar of Elyvilon.
  2728 | D:4      | Found a staircase to the Ecumenical Temple.
  2747 | Temple   | Entered the Ecumenical Temple
  2997 | Temple   | Became a worshipper of Warmaster Okawaru
  3971 | D:5      | Entered Level 5 of the Dungeon
  4015 | D:5      | Reached XP level 6. HP: 43/48 MP: 5/5
  4019 | D:5      | Reached skill level 7 in Axes
  4069 | D:5      | Noticed Eustachio
  4294 | D:5      | Killed Eustachio
  4295 | D:5      | Reached skill level 8 in Axes
  4491 | D:5      | Reached XP level 7. HP: 48/55 MP: 6/6
  4693 | D:5      | Reached * piety under Okawaru
  4694 | D:5      | Reached skill level 9 in Axes
  5051 | D:5      | Found Dasmizef's Armour Shop.
  5429 | D:6      | Reached skill level 10 in Axes
  5537 | D:6      | Reached XP level 8. HP: 21/61 MP: 4/7
  5541 | D:6      | HP: 3/61 [ogre/+0 giant club (26)]
  5544 | D:6      | Reached ** piety under Okawaru
  5545 | D:6      | Reached skill level 11 in Axes
  5605 | D:6      | Identified the +7 ring mail "Bavin" {Str+3}
  5925 | D:6      | Identified the +9 chain mail of Zemam {Rampage Drain Int+4
                  | Dex+2}
  5989 | D:6      | Noticed Blork the orc
  6005 | D:6      | Killed Blork the orc
  6235 | D:6      | Reached skill level 12 in Axes
  6544 | D:6      | Reached skill level 13 in Axes
  6838 | D:6      | Found Duikan's Book Shop.
  7108 | D:7      | Reached XP level 9. HP: 68/68 MP: 8/8
  7288 | D:7      | Reached *** piety under Okawaru
  7893 | D:8      | Reached skill level 5 in Fighting
  7893 | D:8      | Reached skill level 5 in Armour
  8017 | D:8      | Reached skill level 14 in Axes
  8479 | D:8      | Reached **** piety under Okawaru
  8539 | D:8      | Found a flagged portal.
  8547 | Bailey   | Entered a bailey
  8999 | Bailey   | Noticed an orc knight
  9542 | D:9      | Reached XP level 10. HP: 81/84 MP: 9/9
  9551 | D:9      | Reached skill level 1 in Invocations
  9643 | D:9      | Noticed Erolcha
  9655 | D:9      | Killed Erolcha
  9819 | D:9      | Noticed Pikel
  9822 | D:9      | Noticed a centaur warrior
  9989 | D:8      | Killed Pikel
 10124 | D:9      | Killed a centaur warrior
 10125 | D:9      | Reached skill level 15 in Axes
 10393 | D:9      | Noticed Grum
 10426 | D:9      | Killed Grum
 11044 | D:10     | Entered Level 10 of the Dungeon
 11058 | D:10     | Reached ***** piety under Okawaru
 11073 | D:10     | Reached skill level 5 in Invocations
 11238 | D:10     | Found a staircase to the Orcish Mines.
 11362 | D:10     | Reached XP level 11. HP: 88/97 MP: 13/13
 11726 | D:10     | Got the Almanac of Malediction
 12213 | D:11     | Found a staircase to the Lair.
 12385 | D:11     | Found Moar's Mayhem Merchandise.
 12446 | D:11     | Noticed a boulder beetle
 12474 | D:11     | Killed a boulder beetle
 12656 | D:11     | Noticed a deep elf pyromancer
 12656 | D:11     | Noticed a boulder beetle
 12657 | D:11     | Found a shimmering altar of Xom.
 12658 | D:11     | Noticed Dillybarz's ghost (journeyman MiBe)
 12658 | D:11     | Noticed a centaur warrior
 12667 | D:11     | Killed a centaur warrior
 12757 | D:11     | Found a runed translucent gate.
 12757 | D:11     | Found a runed translucent gate.
 12757 | D:11     | Found a runed translucent gate.
 12874 | D:11     | Reached skill level 16 in Axes
 13071 | D:11     | Reached skill level 10 in Fighting
 13268 | D:11     | Found an ornate altar of the Wu Jian Council.
 13679 | Lair:1   | Entered Level 1 of the Lair of Beasts
 14361 | Lair:1   | Noticed a death yak
 14385 | Lair:1   | Killed a death yak
 14385 | Lair:1   | Identified the +0 animal skin "Yvved" {rCorr Int+3 Dex+3}
                  | (Okawaru gifted it to you on level 1 of the Lair of Beasts)
 14385 | Lair:1   | Received a gift from Okawaru
 14535 | Lair:1   | Noticed a death yak
 14542 | Lair:1   | Noticed a death yak
 14545 | Lair:1   | Killed a death yak
 14554 | Lair:1   | Killed a death yak
 14952 | Lair:2   | Found a hole to the Spider Nest.
 15149 | Lair:2   | Noticed a five-headed hydra
 15159 | Lair:2   | Killed a five-headed hydra
 15292 | Lair:2   | Reached XP level 12. HP: 100/110 MP: 8/15
 15460 | Lair:2   | Reached skill level 17 in Axes
 15525 | Lair:2   | Found a gate leading to a gauntlet.
 15655 | Lair:2   | Noticed a catoblepas
 15671 | Lair:2   | Killed a catoblepas
 15972 | Lair:2   | Noticed a four-headed hydra
 15982 | Lair:2   | Killed a four-headed hydra
 15982 | Lair:2   | Noticed a four-headed hydra
 15991 | Lair:2   | Killed a four-headed hydra
 15992 | Lair:2   | Reached skill level 10 in Armour
 15996 | Lair:2   | HP: 36/112 [poisoned by a cane toad]
 16001 | Lair:2   | HP: 27/112 [poisoned by a cane toad]
 16006 | Lair:2   | HP: 23/112 [poisoned by a cane toad]
 16345 | Lair:2   | Found a staircase to the Swamp.
 16908 | Lair:3   | Reached ****** piety under Okawaru
 16918 | Lair:3   | Received a gift from Okawaru
 17299 | Lair:3   | Reached skill level 18 in Axes
 17940 | Lair:4   | Noticed Rupert
 18263 | Lair:4   | Reached XP level 13. HP: 119/119 MP: 17/17
 18715 | Orc:1    | Entered Level 1 of the Orcish Mines
 19052 | Orc:2    | Entered Level 2 of the Orcish Mines
 19052 | Orc:2    | Found a staircase to the Elven Halls.
 19077 | Orc:2    | Received a gift from Okawaru
 19087 | Orc:2    | HP: 37/119 [centaur/arrow (5)]
 19089 | Orc:2    | HP: 8/119 [orc knight/bolt (13)]
 20480 | Orc:2    | Found Buoneoh's Antique Armour Boutique.
 20519 | Orc:2    | Bought a pair of translucent boots for 342 gold pieces
 20519 | Orc:2    | Identified the -1 pair of boots "Becat" {rF- Will+ Int+2
                  | Stlth+} (You bought it in a shop on level 2 of the Orcish
                  | Mines)
 20533 | Orc:2    | Reached skill level 5 in Dodging
 21064 | Orc:2    | Identified the +2 ring mail of a ziggurat {rPois Str+9
                  | Int-4} (Okawaru gifted it to you on level 2 of the Orcish
                  | Mines)
 21064 | Orc:2    | Received a gift from Okawaru
 21328 | Orc:2    | Found Ucvih's Assorted Antiques.
 21328 | Orc:2    | Found Meuquk's Assorted Antiques.
 21330 | Orc:2    | Found Hostilov's Assorted Antiques.
 21332 | Orc:2    | Found Fyschudoyd's Jewellery Emporium.
 21388 | Orc:2    | Bought an embroidered cloak for 270 gold pieces
 21434 | Orc:1    | Noticed an orc warlord
 21462 | Orc:1    | HP: 26/122 [orc knight/+2 great mace (17)]
 21464 | Orc:2    | HP: 6/122 [orc warlord/+0 great sword (11)]
 21465 | Orc:2    | Demolished by an orc warlord

Illustrated notes

Levels and vault maps discovered:
D:1:      lemuel_arrival_tunnels, layout_loops_ring, serial_shops, shop
D:2:      layout_loops_ring, basic_altar
D:3:      layout_basic, nicolae_vehumet_altar_sigil,
          chequers_temple_overflow_statue_of_worship, uniq_sigmund
D:4:      layout_loops_corners, minmay_temple_entry_large_hall,
          kennysheep_small_spiral
D:5:      kennysheep_kobold_camp, layout_basic, serial_shops,
          nicolae_shop_temple_entry_statues_fountains, uniq_eustachio
D:6:      layout_basic, serial_shops, kennysheep_mini, uniq_blork_the_orc
D:7:      layout_rooms
D:8:      layout_loops_cross, enter_bailey_4, grunt_decor_one_mirror,
          palyth_stone_intersect, minmay_misc_feat_four_crosses,
          minmay_checkerbox
D:9:      layout_loops_ring, corexii_checkpoint_b, uniq_grum, uniq_pikel,
          uniq_erolcha
D:10:     layout_basic, hiddenorc2_lemuel
D:11:     layout_long_grid, david_lair_shrubbed, gammafunk_ghost_split,
          hangedman_feature_mirror, minmay_shop_mayhem
Temple:   dpeg_five_rooms_temple
Lair:1:   layout_loops_ring
Lair:2:   layout_regular_city, palyth_hydra_swamp_entry, dummy_spider_entry,
          gauntlet_entry_generic
Lair:3:   layout_roguey, nicolae_quartered_pool_impasse, grunt_megastairs_3
Lair:4:   layout_roguey, uniq_rupert
Orc:1:    layout_caves
Orc:2:    st_orc_rangers, layout_caves, serial_shops, shop_fountains

Skill      XL: |  1  2  3  4  5  6  7  8  9 10 11 12 13 |
---------------+----------------------------------------+-----
Fighting       | 2 6 9 11 12 13 | 13.4
Axes           | 1 2 4 6 8 10 13 14 15 16 18 | 18.0
Armour         | 3 6 8 11 | 11.6
Invocations    | 5 6 7 |  7.6
Dodging        | 2 5 |  5.4
Evocations     | 4 |  4.6
Stealth        | |  0.7

Action                   |  1- 3 |  4- 6 |  7- 9 | 10-12 | 13-15 || total
-------------------------+-------+-------+-------+-------+-------++-------
Melee: Club              |    12 |       |       |       |       ||    12
       War axe           |    74 |     5 |       |       |       ||    79
       Headbutt          |    13 |    15 |    85 |    95 |    39 ||   247
       Whip              |       |    70 |   447 |    78 |       ||   595
       Punch             |       |       |     6 |     5 |       ||    11
       Battleaxe         |       |       |       |   416 |   215 ||   631
Invok: Heroism           |       |       |     5 |    16 |     2 ||    23
       Finesse           |       |       |       |     1 |       ||     1
Evoke: Piece from Xom's  |       |       |     5 |     6 |     4 ||    15
       Wand              |       |       |     1 |       |       ||     1
  Use: Potion            |       |       |     2 |       |     2 ||     4
       Scroll            |       |       |     5 |    12 |       ||    17
 Stab: Sleeping          |     2 |       |       |       |       ||     2
       Confused          |       |       |     1 |       |       ||     1
       Petrified         |       |       |       |     1 |       ||     1
Armor: Leather armour    |    38 |     3 |    27 |       |       ||    68
       Ring mail         |       |    16 |     2 |       |       ||    18
       Chain mail        |       |       |   168 |   270 |   156 ||   594
Dodge: Dodged            |    63 |    26 |   149 |   188 |   217 ||   643
